 Dungeon Crawl Stone Soup version 0.23.2-33-g5129a83184 (webtiles) character file.

Game seed: 13153305201347979029

1241 HEYYEYAAE the Basher (level 8, -1/74 HPs)
             Began as a Troll Berserker on June 29, 2019.
             Was an Elder of Trog.
             Succumbed to a gnoll sergeant's poison
             ... on level 5 of the Dungeon.
             The game lasted 00:04:45 (3986 turns).

HEYYEYAAE the Basher (Troll Berserker)              Turns: 3986, Time: 00:04:46

Health: -1/74      AC:  8    Str: 28    XL:     8   Next: 25%
Magic:  7/7        EV: 12    Int:  8    God:    Trog [****..]
Gold:   305        SH:  0    Dex:  9    Spells: 7/7 levels left

rFire    . . .     SeeInvis .   p - +1 whip (elec)
rCold    . . .     Gourm    +   (no shield)
rNeg     . . .     Faith    .   x - +2 robe
rPois    .         Spirit   .   (helmet restricted)
rElec    .         Reflect  .   (no cloak)
rCorr    .         Harm     .   (gloves unavailable)
MR       .....                  (boots unavailable)
Stlth    +.........             (no amulet)
HPRegen  0.62/turn              r - +2 ring of evasion
MPRegen  0.10/turn              (no ring)

@: brilliant, lethally poisoned (-1 -> -16), berserk cooldown, flying, slowed,
very slow
A: large, unfitting armour, claws 3, fast metabolism 3, gourmand, regeneration
1, shaggy fur 1, tough skin 3
a: Berserk, Trog's Hand, Brothers in Arms, Renounce Religion


You were on level 5 of the Dungeon.
You worshipped Trog.
Trog was greatly pleased with you.
You were full.

You visited 1 branch of the dungeon, and saw 5 of its levels.

You collected 305 gold pieces.

Inventory:

Hand Weapons
 f - a +1 flail of holy wrath
 p - a +1 whip of electrocution (weapon)
Armour
 x - a +2 robe (worn)
Jewellery
 r - a +2 ring of evasion (left claw)
Wands
 m - a wand of polymorph (5)
Scrolls
 d - 3 scrolls of remove curse
 e - a scroll of noise
 g - 4 scrolls of blinking {unknown}
 h - 3 scrolls of identify {unknown}
 j - 2 scrolls of enchant armour {unknown}
 k - a scroll of fog {unknown}
 l - 2 scrolls of enchant weapon {unknown}
 n - 2 scrolls of magic mapping {unknown}
 q - a scroll of fear {unknown}
Potions
 i - a potion of agility
 t - a potion of mutation {unknown}
 v - a potion of curing {unknown}
 w - a potion of haste {unknown}
Comestibles
 c - 10 rations


   Skills:
 - Level 2.4 Fighting
 + Level 9.5 Maces & Flails
 - Level 2.4 Dodging


You had 7 spell levels left.
You didn't know any spells.
Your spell library was empty.

Dungeon Overview and Level Annotations

Branches:
Dungeon (5/15)             Temple (0/1) D:5

Altars:
Makhleb
Nemelex Xobeh
Qazlal
Ru
Sif Muna
Yredelemnul
The Shining One


Innate Abilities, Weirdness & Mutations

You are too large for most types of armour.
You have claws for hands.
Your metabolism is lightning-fast.
You like to eat raw meat.
Your natural rate of healing is unusually fast.
You are covered in fur. (AC +1)
You have extremely tough skin. (AC +3)


Message History

* * * LOW HITPOINT WARNING * * *
You feel very sick.
You see here a +0 dagger.
There isn't anything to butcher here.
* * * LOW HITPOINT WARNING * * *
You feel very sick.
Things that are here:
a +0 short sword x2
There isn't anything to butcher here.
It was a potion of magic.
Magic courses through your body.
* * * LOW HITPOINT WARNING * * *
You feel very sick.
It was a potion of brilliance.
You feel clever all of a sudden.
* * * LOW HITPOINT WARNING * * *
You feel very sick.
It was a potion of flight.
You feel very buoyant.
You fly up into the air.
You die...

.......#.#.........#####...#..##
....................##.#.......#
...>...#...#.........#>....######
.........####...#........####....
.......#......###.#....#..#.'....
..........#########....#....#[...
.#.#.#.#..# #..((.....<.....###'#
..........###...<)..........##...
......#.....#..)@)..........###'#
...##.##......).............#....
..######.....>.(..........###....
...###..........(..(|.....###....
.........##................######
...#...#.###....................#
..###..### #...................##
#.###..#####...................##
#..###..#.##....................#


There were no monsters in sight!

Vanquished Creatures
  Duvessa (D:5)
  2 centaurs (D:5)
  A big kobold (D:5)
  A gnoll sergeant (D:5)
  Dowan (D:5)
  A scorpion (D:5)
  A howler monkey (D:4)
  4 hounds
  An orc priest (D:3)
  2 gnoll shamans (D:5)
  An iguana (D:5)
  3 orc wizards (D:3)
  A hound zombie (D:5)
  17 gnolls
  A howler monkey skeleton (D:4)
  7 adders
  An ooze (D:2)
  3 worms (D:2)
  4 dart slugs
  2 leopard geckos
  12 orcs
  6 bats
  4 giant cockroaches
  7 goblins
  7 hobgoblins
  17 jackals
  15 kobolds
  A ball python (D:2)
  2 frilled lizards
  10 rats
136 creatures vanquished.

Notes
Turn   | Place    | Note
-------+----------+-------------------------------------------
     0 | D:1      | HEYYEYAAE the Troll Berserker began the quest for the Orb.
     0 | D:1      | Reached XP level 1. HP: 22/22 MP: 0/0
    34 | D:1      | Reached skill level 3 in Maces & Flails
   114 | D:1      | Reached XP level 2. HP: 29/29 MP: 1/1
   452 | D:1      | Reached XP level 3. HP: 34/36 MP: 2/2
   667 | D:1      | Reached ** piety under Trog
   795 | D:2      | Reached skill level 4 in Maces & Flails
   879 | D:2      | Reached XP level 4. HP: 27/44 MP: 3/3
   904 | D:2      | Found a deep blue altar of Sif Muna.
   904 | D:2      | Found a stormy altar of Qazlal.
  1292 | D:2      | Reached skill level 5 in Maces & Flails
  1761 | D:3      | Reached XP level 5. HP: 50/50 MP: 4/4
  1848 | D:3      | Reached *** piety under Trog
  1861 | D:3      | Reached skill level 6 in Maces & Flails
  2342 | D:3      | Reached XP level 6. HP: 59/59 MP: 5/5
  2608 | D:4      | Reached skill level 7 in Maces & Flails
  2632 | D:4      | Found a glowing golden altar of the Shining One.
  2632 | D:4      | Found a basalt altar of Yredelemnul.
  2632 | D:4      | Found a sparkling altar of Nemelex Xobeh.
  2642 | D:4      | Found a burning altar of Makhleb.
  2681 | D:4      | Found a sacrificial altar of Ru.
  2932 | D:5      | Entered Level 5 of the Dungeon
  2936 | D:5      | Reached XP level 7. HP: 66/66 MP: 6/6
  3044 | D:5      | Reached skill level 8 in Maces & Flails
  3162 | D:5      | Noticed Duvessa
  3163 | D:5      | Noticed Dowan
  3170 | D:5      | Killed Duvessa
  3175 | D:5      | Killed Dowan
  3175 | D:5      | Reached **** piety under Trog
  3196 | D:5      | Reached skill level 9 in Maces & Flails
  3196 | D:5      | Reached XP level 8. HP: 74/74 MP: 7/7
  3229 | D:5      | Found a staircase to the Ecumenical Temple.
  3985 | D:5      | HP: 1/74 [poisoned by a gnoll sergeant]
  3986 | D:5      | Succumbed to a gnoll sergeant's poison

Skill      XL: |  1  2  3  4  5  6  7 |
---------------+----------------------+-----
Maces & Flails | 3 4 5 6 7 9 |  9.5
Fighting       | |  2.4
Dodging        | |  2.4

Action                   |  1- 3 |  4- 6 |  7- 9 || total
-------------------------+-------+-------+-------++-------
Melee: Mace              |   106 |   155 |       ||   261
       Flail             |       |    37 |       ||    37
       Whip              |       |    36 |   133 ||   169
Invok: Berserk           |       |     5 |     3 ||     8
       Trog's Hand       |       |     1 |       ||     1
  Use: Scroll            |       |     4 |     1 ||     5
       Potion            |       |     1 |     3 ||     4
  Eat: Chunk             |    14 |    24 |    10 ||    48
Armor: Animal skin       |    48 |   119 |    35 ||   202
       Robe              |       |       |    25 ||    25
Dodge: Dodged            |    67 |   155 |   112 ||   334
